 Dungeon Crawl Stone Soup version 0.28.0-55-gcd9437bce4 (webtiles) character file.

Game seed: 3996253080266397660

620 Atelerd the Digger (level 7, 0/41 HPs)
             Began as an Octopode Earth Elementalist on Jan 5, 2023.
             Slain by an orc priest
             ... wielding a +0 short sword
              (5 damage)
             ... on level 4 of the Dungeon.
             The game lasted 00:04:33 (5236 turns).

Atelerd the Digger (Octopode Earth Elementalist)    Turns: 5236, Time: 00:04:34

Health: 0/41       AC:  1    Str:  7    XL:     7   Next: 46%
Magic:  6/13       EV: 13    Int: 20    God:
Gold:   182        SH:  0    Dex: 12    Spells: 9/14 levels left

rFire   . . .      SeeInvis .   m - +2 falchion (holy)
rCold   . . .      Faith    .   (no shield)
rNeg    . . .      Spirit   .   (helmet restricted)
rPois   .          Reflect  .   (no amulet)
rElec   .          Harm     .   (no ring)
rCorr   .          Rampage  .   (no ring)
Will    .....                   (no ring)
Stlth   ++++......              (no ring)
HPRegen 0.13/turn               (no ring)
MPRegen 0.13/turn               (no ring)
                                (no ring)
                                (no ring)

@: no status effects
A: almost no armour, amphibious, 8 rings, camouflage 1, gelatinous body 1,
(nimble swimmer 1), tentacles
a: no special abilities


You were on level 4 of the Dungeon.
You visited 1 branch of the dungeon, and saw 4 of its levels.
You also visited: Sewer.

You collected 182 gold pieces.

Inventory:

Hand Weapons
 d - a +0 dagger
 m - a +2 falchion of holy wrath (weapon)
Missiles
 b - 31 stones
Jewellery
 a - a ring of ice
Scrolls
 c - 3 scrolls of silence
 e - 2 scrolls of fear {unknown}
 f - a scroll of enchant weapon
 j - 2 scrolls of immolation
 o - 2 scrolls of teleportation {unknown}
Potions
 g - a potion of resistance
 h - a potion of ambrosia {unknown}
 i - a potion of mutation {unknown}
 k - 2 potions of attraction {unknown}
 l - a potion of brilliance {unknown}
 n - 2 potions of curing {unknown}
 q - 4 potions of flight


   Skills:
 - Level 0.2 Short Blades
 - Level 2.2 Dodging
 - Level 5.0 Stealth
 + Level 4.1 Spellcasting
 - Level 4.0 Transmutations
 + Level 5.2 Earth Magic


You had 9 spell levels left.
You knew the following spells:

 Your Spells              Type           Power      Damage    Failure   Level
a - Sandblast             Erth           48%        2d12      1%          1
p - Petrify               Tmut/Erth      22%        N/A       19%         4

Your spell library contained the following spells:

 Spells                   Type           Power      Damage    Failure   Level
 Passwall                 Tmut/Erth      18%        N/A       3%          2
 Stone Arrow              Conj/Erth      28%        3d8       13%         3


Dungeon Overview and Level Annotations

Branches:
Dungeon (4/15)              Sewer (visited)
 Temple: D:4-7

Altars:
Ashenzari
Elyvilon
Ru

Annotations:
D:4 Eustachio


Innate Abilities, Weirdness & Mutations

You cannot wear most types of armour.
You are amphibious.
You can wear up to eight rings at the same time.
Your skin changes colour to match your surroundings (Stealth+).
Your rubbery body absorbs attacks. (AC +1, EV +1)
((You are camouflaged when in or above water. (Stealth+)))
You have tentacles for arms and can constrict up to eight enemies at once.


Message History

The blast of sand hits the orc priest but does no damage.
The orc wizard hits you with a +0 dagger of speed.
The blast of sand hits the orc wizard!
The orc wizard is heavily wounded.
The orc wizard points at you and mumbles some strange words.
The puff of flame hits you!
The blast of sand hits the orc wizard!!
You kill the orc wizard!
The orc priest calls down the wrath of Beogh upon you.
Beogh smites you!
* * * LOW HITPOINT WARNING * * *
You are too injured to fight recklessly!
Casting: Sandblast (safe; 1% risk of failure)
Confirm with . or Enter, or press ? or * to list all spells.
Aiming: Sandblast (safe; 1% risk of failure)
Press: ? - help, Shift-Dir - straight line, f - orc priest
Aim: an orc priest, wielding a +0 short sword and wearing a +0 scale mail (83% to hit)
The blast of sand hits the orc priest!
The orc priest is heavily wounded.
Unknown command.
Casting: Sandblast (safe; 1% risk of failure)
Confirm with . or Enter, or press ? or * to list all spells.
Aiming: Sandblast (safe; 1% risk of failure)
Press: ? - help, Shift-Dir - straight line, f/p - orc priest
Aim: an orc priest, wielding a +0 short sword and wearing a +0 scale mail (heavily wounded, 83% to hit)
The blast of sand misses the orc priest.
The blast of sand hits the orc.
The orc is severely wounded.
The orc priest hits you with a +0 short sword.
* * * LOW HITPOINT WARNING * * *
Casting: Sandblast (safe; 1% risk of failure)
Confirm with . or Enter, or press ? or * to list all spells.
Aiming: Sandblast (safe; 1% risk of failure)
Press: ? - help, Shift-Dir - straight line, f/p - orc priest
Aim: an orc priest, wielding a +0 short sword and wearing a +0 scale mail (heavily wounded, 83% to hit)
The blast of sand misses the orc priest.
The blast of sand hits the orc!
You kill the orc!
The orc priest hits you with a +0 short sword.
You die...

..#...≈§≈...≈.≈.####.#
..###.≈§≈≈≈≈§.≈.# #.# ..#
#.≈.....§§≈.# #.#
#.###.≈≈≈.≈≈≈≈≈.# #.#
#...............# #.#######
######....###...# #..^....#
######.######..## #.......#
...............#####.......#
#.###########...@o)o.......#
#..#####.......# #.##
#.......# ########.#
#.......# #......#.#
##.#†#### #........# #.#.##
##.....##.#### #.#..#
#............# #.##.#
##.......####.# #.##.#


You could see an orc warrior and an orc priest.

Vanquished Creatures
  Menkaure (D:4)
  A black bear (D:4)
  A water moccasin skeleton (D:4)
  An iguana (D:4)
  Natasha (thrice) (D:4)
  An orc wizard (D:4)
  A hound skeleton (D:4)
  A gnoll (D:2)
  5 river rats (Sewer)
  6 adders
  An adder skeleton (D:4)
  2 worms
  5 orcs
  11 ball pythons
  12 bats
  8 endoplasms
  11 giant cockroaches
  6 goblins
  8 hobgoblins
  8 jackals
  2 kobolds
  6 quokkas
  4 frilled lizards
  4 rats
109 creatures vanquished.

Notes
Turn   | Place    | Note
-------+----------+-------------------------------------------
     0 | D:1      | Atelerd the Octopode Earth Elementalist began the quest for
                  | the Orb.
     0 | D:1      | Reached XP level 1. HP: 11/11 MP: 3/3
   706 | D:1      | Reached XP level 2. HP: 17/17 MP: 3/5
  1376 | D:2      | Reached XP level 3. HP: 21/21 MP: 3/6
  2095 | D:3      | Reached XP level 4. HP: 27/27 MP: 5/7
  3318 | D:4      | Noticed Eustachio
  3431 | D:4      | Reached XP level 5. HP: 20/31 MP: 5/9
  3547 | D:4      | Noticed Menkaure
  3554 | D:4      | Learned a level 4 spell: Petrify
  3578 | D:4      | Killed Menkaure
  3579 | D:4      | Reached XP level 6. HP: 36/36 MP: 6/10
  3586 | D:4      | Noticed an orc warrior
  3598 | D:4      | Found a white marble altar of Elyvilon.
  3613 | D:4      | Noticed Natasha
  3614 | D:4      | Noticed a black bear
  3629 | D:4      | Killed a black bear
  3632 | D:4      | Killed Natasha
  3678 | D:4      | Noticed Natasha
  3682 | D:4      | Killed Natasha
  3683 | D:4      | Reached skill level 5 in Stealth
  3693 | D:4      | Found a broken altar of Ashenzari.
  3707 | D:4      | Noticed Natasha
  3712 | D:4      | Reached XP level 7. HP: 15/41 MP: 6/12
  3712 | D:4      | Killed Natasha
  3820 | D:4      | Found a glowing drain.
  3835 | Sewer    | Entered a sewer
  4379 | Sewer    | Reached skill level 5 in Earth Magic
  5149 | D:4      | Found a sacrificial altar of Ru.
  5236 | D:4      | Slain by an orc priest

Illustrated notes

Levels and vault maps discovered:
D:1:      scummos_arrival_simple_fountains, layout_loops_corners,
          minmay_shallow_snake_nest
D:2:      minmay_angry_zag, layout_basic
D:3:      layout_basic, lemuel_another_geyser
D:4:      layout_loops_ring, nicolae_ashenzari_panopticon, marbit_many_paths,
          mainiacjoe_overflow_concentric_impassable, portal_sewer_entry_f,
          minmay_misc_feat_five, uniq_menkaure, uniq_eustachio, uniq_natasha

Skill      XL: |  1  2  3  4  5  6  7 |
---------------+----------------------+-----
Stealth        | 3 4 5 |  5.0
Transmutations | 2 3 4 |  4.0
Earth Magic    | 4 5 |  5.2
Spellcasting   | 3 4 |  4.1
Short Blades   | |  0.2
Dodging        | |  2.2

Action                   |  1- 3 |  4- 6 |  7- 9 || total
-------------------------+-------+-------+-------++-------
Melee: Dagger            |    17 |    25 |       ||    42
       Constrict         |     5 |     6 |     4 ||    15
       Unarmed           |     1 |       |       ||     1
       Tentacles         |     4 |     7 |     5 ||    16
       Falchion          |       |     8 |    17 ||    25
       Punch             |       |     1 |       ||     1
 Cast: Sandblast         |    33 |    33 |    72 ||   138
       Petrify           |       |     2 |       ||     2
  Use: Scroll            |       |     2 |     2 ||     4
 Stab: Sleeping          |     4 |     2 |     5 ||    11
       Petrified         |       |     9 |       ||     9
Armor: Skin              |       |     2 |     6 ||     8
Dodge: Dodged            |    21 |    25 |    24 ||    70
